 Dungeon Crawl Stone Soup version 0.30-a0-743-gbfdf073431 (webtiles) character file.

Game seed: 6763589468877224611

1027 sircluck the Skirmisher (level 8, -4/41 HPs)
             Began as a Spriggan Hunter on Feb 7, 2023.
             Slain by Duvessa
             ... wielding a +0 short sword
              (17 damage)
             ... on level 5 of the Dungeon.
             The game lasted 00:17:13 (4458 turns).

sircluck the Skirmisher (Spriggan Hunter)           Turns: 4458, Time: 00:17:14

Health: -4/41      AC:  2    Str:  4 (7)  XL:     8   Next: 3%
Magic:  9/9        EV: 19    Int: 10 (11) God:
Gold:   258        SH:  0    Dex: 18 (20) Spells: 7/7 levels left

rFire   . . .      SeeInvis +    a - +0 shortbow
rCold   . . .      Faith    .    (shield currently unavailable)
rNeg    . . .      Spirit   .    c - +0 robe
rPois   .          Reflect  .    (helmet restricted)
rElec   .          Harm     .    (no cloak)
rCorr   .          Rampage  .    (gloves unavailable)
Will    +....                    (boots unavailable)
Stlth   ++                       (no amulet)
HPRegen 0.26/turn                (no ring)
MPRegen 0.11/turn                (no ring)

@: very quick
A: very small, no large weapons, unfitting armour, see invisible, speed 3
a: no special abilities


You were on level 5 of the Dungeon.
You visited 1 branch of the dungeon, and saw 5 of its levels.

You collected 258 gold pieces.

Inventory:

Hand Weapons
 a - a +0 shortbow (weapon)
 l - a +2 dagger of electrocution
 q - a +0 dagger of venom
 r - a +0 sling
Missiles
 g - 2 poisoned darts
 j - 43 stones
 o - 6 large rocks
Armour
 c - a +0 robe (worn)
 f - an orb of guile
Wands
 u - a wand of digging (11)
Scrolls
 b - 2 scrolls of immolation
 d - 6 scrolls of identify {unknown}
 i - a scroll of fear {unknown}
 k - a scroll of enchant armour {unknown}
 n - a scroll of vulnerability {unknown}
 t - a scroll of enchant weapon {unknown}
 w - a scroll of poison {unknown}
Potions
 e - a potion of brilliance
 h - 2 potions of haste
 m - a potion of magic
 p - a potion of degeneration
 s - a potion of lignification {unknown}
 v - 3 potions of curing {unknown}
 x - 2 potions of heal wounds {unknown}


   Skills:
 + Level 3.6 Fighting
 + Level 8.9 Ranged Weapons
 + Level 4.3 Dodging
 + Level 2.2 Stealth


You had 7 spell levels left.
You didn't know any spells.
Your spell library contained the following spells:

 Spells                   Type           Power      Damage    Failure   Level
 Sublimation of Blood     Necr           0%         N/A       50%         2
 Wereblood                Tmut           0%         N/A       50%         2
 Summon Lightning Spire   Summ/Air       0%         N/A       98%         4
 Storm Form               Tmut/Air       0%         N/A       100%        7
 Summon Hydra             Summ           0%         N/A       100%        7
 Maxwell's Capacitive Co  Air            0%         ∞         100%        8


Dungeon Overview and Level Annotations

Branches:
Dungeon (5/15)             Temple (0/1) D:5

Altars:

Annotations:
D:5 Duvessa, Menkaure


Innate Abilities, Weirdness & Mutations

You are very small and have problems with some larger weapons.
You are too small for most types of armour.
You have supernaturally acute eyesight. (SInv)
You cover ground extremely quickly. (Speed+++)


Message History

Aim: Duvessa, wielding a +0 short sword and wearing a +0 ring mail (moderately wounded, berserk, 72% to hit)
You shoot an arrow. The arrow hits Duvessa.
Duvessa is moderately wounded.
Duvessa rages.
Duvessa rages.
There is a staircase to the Ecumenical Temple here.
Duvessa rages.
There is a stone staircase leading down here.
Duvessa rages.
Duvessa rages.
You hear a shout!
You hear a shout!
You hear a shout!
You shoot an arrow.
The arrow hits Duvessa but does no damage.
Duvessa is moderately wounded.
Duvessa rages.
You shoot an arrow.
The arrow hits Duvessa but does no damage.
Duvessa is moderately wounded.
You shoot an arrow. The arrow barely misses Duvessa.
You hear a shout!
Duvessa completely misses you. Duvessa hits you with a +0 short sword!
Fire: a) +0 shortbow
Press: ? - help, Q - select action, (/) - cycle Shift-Dir - straight line, f/p - Duvessa
Aim: Duvessa, wielding a +0 short sword and wearing a +0 ring mail (moderately wounded, berserk, 72% to hit)
You shoot an arrow. The arrow hits Duvessa.
Duvessa is moderately wounded.
You shoot an arrow. The arrow hits Duvessa!
Duvessa is heavily wounded.
Duvessa misses you.
You shoot an arrow. The arrow barely misses Duvessa.
Duvessa misses you. Duvessa barely misses you.
You shoot an arrow. The arrow barely misses Duvessa.
Duvessa completely misses you. Duvessa hits you with a +0 short sword!
You shoot an arrow. The arrow hits Duvessa.
Duvessa is heavily wounded.
Duvessa hits you with a +0 short sword!
You die...

.................#####.>.#####...
#..................[#.....#......
...................#...#...#....#
......................###......##
.######'###.......)..#.#.#..####
.# #.# #........#...#...## .# #.#
#........##..#..## .# #.#
#.....e..###...## .# #.#
#.....@..# ##.## .# #.#
########## ### .# #.# .# #.# .#
#.# .######.# ........# #########


You could see Duvessa (berserk).

Vanquished Creatures
  Prince Ribbit (D:5)
  Sigmund (D:3)
  A phantom (D:5)
  Dowan (D:5)
  4 hounds (D:5)
  A gnoll bouda (D:4)
  A jelly (D:4)
  Natasha (thrice) (D:3)
  An iguana (D:4)
  Robin (D:2)
  7 gnolls
  7 adders
  2 white imps (D:5)
  3 worms
  An orc (D:4)
  4 endoplasms
  3 giant cockroaches
  16 goblins
  12 hobgoblins
  12 jackals
  12 kobolds
  9 quokkas
  8 ball pythons
  7 bats
  3 frilled lizards (D:1)
  7 rats
128 creatures vanquished.

Notes
Turn   | Place    | Note
-------+----------+-------------------------------------------
     0 | D:1      | sircluck the Spriggan Hunter began the quest for the Orb.
     0 | D:1      | Reached XP level 1. HP: 10/10 MP: 2/2
   137 | D:1      | Reached XP level 2. HP: 14/14 MP: 3/3
   476 | D:1      | Reached XP level 3. HP: 13/18 MP: 4/4
   540 | D:1      | You fall into a shaft and drop 1 floor!
   554 | D:2      | Reached skill level 5 in Ranged Weapons
  1131 | D:2      | Reached XP level 4. HP: 23/23 MP: 5/5
  1201 | D:2      | Noticed Robin
  1242 | D:2      | Killed Robin
  1392 | D:3      | Noticed Sigmund
  1395 | D:3      | Noticed Natasha
  1413 | D:3      | Killed Natasha
  1414 | D:3      | Reached XP level 5. HP: 7/26 MP: 6/6
  1417 | D:3      | Reached skill level 6 in Ranged Weapons
  1512 | D:3      | Killed Sigmund
  1513 | D:3      | Reached XP level 6. HP: 8/32 MP: 7/7
  1656 | D:3      | Noticed Natasha
  1665 | D:3      | Killed Natasha
  1909 | D:3      | Noticed Natasha
  1912 | D:3      | Killed Natasha
  2475 | D:4      | Reached skill level 7 in Ranged Weapons
  2742 | D:4      | Reached XP level 7. HP: 8/35 MP: 8/8
  3444 | D:5      | Entered Level 5 of the Dungeon
  3590 | D:5      | Noticed Menkaure
  3897 | D:5      | Noticed Prince Ribbit
  3919 | D:5      | Killed Prince Ribbit
  3920 | D:5      | Reached skill level 8 in Ranged Weapons
  4057 | D:5      | Found a staircase to the Ecumenical Temple.
  4209 | D:5      | Noticed Dowan
  4226 | D:5      | Killed Dowan
  4227 | D:5      | Reached XP level 8. HP: 30/41 MP: 9/9
  4289 | D:5      | Noticed Duvessa
  4458 | D:5      | Slain by Duvessa

Illustrated notes

Levels and vault maps discovered:
D:1:      minmay_arrival_glassed_features, layout_basic
D:2:      layout_loops_cross, chequers_arboretum, uniq_robin
D:3:      layout_rooms, serial_curves, eino_curves_02, eino_curves_03,
          uniq_natasha, uniq_sigmund
D:4:      layout_gridville, amcnicky_mini_rare_corridor_liquid,
          minmay_misc_feat_x, grunt_ministairs_13
D:5:      layout_basic, minmay_temple_entry_arrows, uniq_menkaure,
          uniq_prince_ribbit1, uniq_duvessa

Skill      XL: |  1  2  3  4  5  6  7 |
---------------+----------------------+-----
Dodging        | 3 4 |  4.3
Ranged Weapons | 5 6 7 8 |  8.9
Fighting       | 2 3 |  3.6
Stealth        | 2 |  2.2

Action                     |  1- 3 |  4- 6 |  7- 9 || total
---------------------------+-------+-------+-------++-------
   Fire: Shortbow          |   128 |   177 |   131 ||   436
    Use: Potion            |       |       |     5 ||     5
 Armour: Robe              |    10 |     9 |     6 ||    25
  Dodge: Dodged            |    49 |   120 |    48 ||   217

Table legend: (Time is in decaauts)
 A = Elapsed time spent in this place.
 B = Non-inter-level travel time spent in this place.
 C = Inter-level travel time spent in this place.
 D = Time resting spent in this place.
 E = Time spent auto-exploring this place.
 F = Levels seen in this place.
 G = Mean time per level.
                   A        B        C        D        E       F      G
               +--------+--------+--------+--------+--------+-----+--------+
         Total |   3268 |   3095 |    173 |    381 |   1583 |   5 |  653.6 |
       Dungeon |   3268 |   3095 |    173 |    381 |   1583 |   5 |  653.6 |
               +--------+--------+--------+--------+--------+-----+--------+

Top non-repeatable levels by time:
     D:5: 790 daAuts
     D:4: 710 daAuts
     D:3: 678 daAuts
     D:2: 550 daAuts
     D:1: 539 daAuts
